 Dungeon Crawl Stone Soup version 0.23.2-40-g277498a001 (webtiles) character file.

Game seed: 10148620989607427533

389 ANON1729 the Skirmisher (level 6, 0/49 HPs)
             Began as a Mummy Chaos Knight on Oct 20, 2019.
             Was a Plaything of Xom.
             Slain by a quokka (1 damage)
             ... on level 4 of the Dungeon.
             The game lasted 00:07:17 (3660 turns).

ANON1729 the Skirmisher (Mummy Chaos Knight)        Turns: 3660, Time: 00:07:18

Health: 0/49       AC:  7    Str: 15      XL:     6   Next: 50%
Magic:  0/6        EV: 12    Int: 12 (13) God:    Xom [....*.]
Gold:   235        SH:  0    Dex: 12      Spells: 5/5 levels left

rFire    x . .     SeeInvis .   a - +0 spear (chaos)
rCold    + . .     Gourm    .   (no shield)
rNeg     + + +     Faith    .   b - +2 leather armour
rPois    ∞         Spirit   +   o - +0 helmet
rElec    .         Reflect  .   (no cloak)
rCorr    .         Harm     .   g - +0 pair of gloves
MR       .....                  (no boots)
Stlth    +.........             h - amulet of guardian spirit
HPRegen  0.16/turn              (no ring)
MPRegen  0.10/turn              (no ring)

@: no status effects
A: no food or potions, fire vulnerability, cold resistance 1, negative energy
resistance 3, torment resistance, unbreathing
a: Renounce Religion


You were on level 4 of the Dungeon.
You worshipped Xom.
You were a beloved toy of Xom.
You were not hungry.

You visited 1 branch of the dungeon, and saw 4 of its levels.

You collected 235 gold pieces.

Inventory:

Hand Weapons
 a - a +0 spear of chaos (weapon)
Armour
 b - a +2 leather armour (worn)
 g - a +0 pair of gloves (worn)
 o - a +0 helmet (worn)
Jewellery
 h - an amulet of guardian spirit (around neck)
Scrolls
 c - 2 scrolls of enchant weapon {unknown}
 d - 4 scrolls of teleportation
 e - 3 scrolls of remove curse {unknown}
 f - 3 scrolls of identify {unknown}
 i - 2 scrolls of random uselessness {unknown}
 j - a scroll of blinking {unknown}
 k - a scroll of magic mapping {unknown}
 m - 2 scrolls of fog {unknown}
 n - a scroll of noise {unknown}


   Skills:
 + Level 4.4 Fighting
 + Level 3.6 Polearms
 + Level 3.2 Armour
 + Level 2.6 Dodging


You had 5 spell levels left.
You didn't know any spells.
Your spell library contained the following spells:

 Spells                   Type           Power        Failure   Level  Hunger
 Confusing Touch          Hex            #.....       38%         1    N/A
 Ensorcelled Hibernation  Hex/Ice        #.....       52%         2    N/A
 Confuse                  Hex            #.......     77%         3    N/A
 Gell's Gravitas          Tloc           #.........   77%         3    N/A
 Petrify                  Tmut/Erth      #.......     99%         4    N/A
 Borgnjor's Vile Clutch   Necr/Erth      #.........   100%        5    N/A
 Metabolic Englaciation   Hex/Ice        #.........   100%        5    N/A
 Silence                  Hex/Air        #.........   100%        5    N/A
 Yara's Violent Unravell  Hex/Tmut       #.........   100%        5    N/A
 Darkness                 Hex            #.........   100%        6    N/A
 Shadow Creatures         Summ           N/A          100%        6    N/A

Dungeon Overview and Level Annotations

Branches:
Dungeon (4/15)
 Temple: D:4-7

Altars:
Qazlal
Vehumet
Xom
Zin
The Shining One


Innate Abilities, Weirdness & Mutations

You do not eat or drink.
Your flesh is vulnerable to fire.
You are immune to poison.
Your flesh is cold resistant. (rC+)
You are immune to negative energy. (rN+++)
You are immune to unholy pain and torment.
You can survive without breathing.


Message History

A quokka comes into view.
You are now a beloved toy of Xom.
The worker ant closely misses you.
The centaur skeleton hits you but does no damage.
The orc wizard mumbles some strange words.
The orc wizard blinks!
The worker ant bites you but does no damage.
The quokka barely misses you.
The centaur skeleton closely misses you.
The orc wizard barely misses you.
Found a ring mail.
You enter the shallow water.
Moving in this stuff is going to be slow.
The orc wizard mumbles some strange words.
The orc wizard seems to speed up.
The quokka closely misses you.
The orc wizard looks braver for a moment.
The worker ant closely misses you. The centaur skeleton barely misses you.
The quokka bites you.
You die...
Xom guffaws!

..###...# ...........##
.### ...# ...........#.
..............#
............###
....(.....##
##########....#..#####
##.≈....≈.##...##......
##...≈..≈a..##o..##..###
#.≈..≈.@o..≈.#.....#..##
#..≈..≈≈rZ≈wo##..o.o#...
^..#####.##...oo##.###..
. ..8.##..###### ##.
...[...##≈.# ##
...#####..##.# # .# #..
..# #.##.# .#


You could see a worm, a worker ant, 2 orc wizards, an orc, a quokka and a
centaur skeleton.

Vanquished Creatures
  2 orc priests (D:3)
  An orc wizard (D:3)
  Natasha (thrice) (D:2)
  2 worker ants (D:4)
  4 adders
  An ooze (D:3)
  An adder skeleton (D:4)
  3 worms
  2 leopard geckos
  17 orcs
  8 giant cockroaches
  8 goblins
  10 hobgoblins
  10 jackals
  2 quokkas
  3 ball pythons (D:1)
  12 bats
  6 frilled lizards
  A jackal skeleton (D:3)
  7 kobolds
  8 rats
111 creatures vanquished.

Vanquished Creatures (collateral kills)
  An adder (D:2)
  A worm (D:2)
  A goblin (D:2)
3 creatures vanquished.

Vanquished Creatures (others)
  A hound skeleton (D:4)
1 creature vanquished.

Grand Total: 115 creatures vanquished

Notes
Turn   | Place    | Note
-------+----------+-------------------------------------------
     0 | D:1      | ANON1729 the Mummy Chaos Knight began the quest for the
                  | Orb.
     0 | D:1      | Reached XP level 1. HP: 18/18 MP: 1/1
    47 | D:1      | Reached skill level 1 in Dodging
    49 | D:1      | XOM: potion effect (curing)
    53 | D:1      | Reached XP level 2. HP: 18/24 MP: 2/2
   271 | D:1      | XOM: harmless Tmut miscast
   371 | D:1      | XOM: divination: magic mapping
   401 | D:1      | Reached XP level 3. HP: 27/29 MP: 3/3
   868 | D:2      | XOM: cloud trail
  1048 | D:2      | XOM: mild Summ miscast
  1094 | D:2      | Found a radiant altar of Vehumet.
  1105 | D:2      | Noticed Natasha
  1120 | D:2      | XOM: enchant monster (good)
  1122 | D:2      | Killed Natasha
  1122 | D:2      | Reached XP level 4. HP: 12/36 MP: 4/4
  1444 | D:2      | Noticed Natasha
  1454 | D:2      | Killed Natasha
  1577 | D:2      | Noticed Natasha
  1593 | D:2      | Killed Natasha
  1593 | D:2      | Reached XP level 5. HP: 38/42 MP: 5/5
  1804 | D:2      | XOM: silly message
  1868 | D:2      | Noticed an angel
  1870 | D:2      | Found a glowing silver altar of Zin.
  2140 | D:3      | XOM: silly message
  2153 | D:3      | Reached skill level 4 in Fighting
  2282 | D:3      | Reached XP level 6. HP: 16/48 MP: 6/6
  2346 | D:3      | XOM: divination: detect items
  2505 | D:3      | XOM: polymorph kobold -> adder
  2547 | D:3      | Found a glowing golden altar of the Shining One.
  2778 | D:3      | XOM: stat loss: -1 Int (12/13)
  2795 | D:3      | XOM: medium Fire miscast
  3027 | D:4      | XOM: chaos upgrade
  3321 | D:4      | XOM: scenery: create altars
  3333 | D:4      | XOM: scenery: create altars
  3433 | D:4      | XOM: 3-stop teleportation journey
  3437 | D:4      | XOM: 2-stop teleportation journey
  3572 | D:4      | Found a stormy altar of Qazlal.
  3628 | D:4      | XOM: silly message
  3656 | D:4      | HP: 1/49 [worker ant (4)]
  3660 | D:4      | Slain by a quokka

Skill      XL: |  1  2  3  4  5  6 |
---------------+-------------------+-----
Dodging        | 1 2 |  2.6
Armour         | 2 3 |  3.2
Polearms       | 3 |  3.6
Fighting       | 4 |  4.4

Action                   |  1- 3 |  4- 6 || total
-------------------------+-------+-------++-------
Melee: Spear             |   127 |   264 ||   391
  Use: Scroll            |       |     1 ||     1
 Stab: Paralysed         |     2 |     9 ||    11
       Sleeping          |     3 |     1 ||     4
       Distracted        |     1 |       ||     1
       Petrifying        |       |     2 ||     2
       Petrified         |       |     2 ||     2
Armor: Leather armour    |    53 |    66 ||   119
Dodge: Dodged            |    53 |   124 ||   177
